 Dungeon Crawl Stone Soup version 0.13.1-27-ga479965 (webtiles) character file.

228 Chiseanne the Charlatan (level 3, 0/40 HPs)
             Began as a Demonspawn Artificer on Jan 28, 2014.
             Succumbed to poison (a potion of poison)
             ... on Level 4 of the Dungeon.
             The game lasted 00:09:18 (3055 turns).

Chiseanne the Charlatan (Demonspawn Artificer)      Turns: 3055, Time: 00:09:18

HP   0/40        AC  7     Str 17      XL: 3   Next: 71%
MP   4/4         EV 10     Int 13      God:
Gold 172         SH  0     Dex 11      Spells:  0 memorised,  2 levels left

Res.Fire  : . . .   See Invis. : .   l - +0 falchion
Res.Cold  : . . .   Warding    : .   t - +1 dwarf ring mail
Life Prot.: . . .   Conserve   : .   (no shield)
Res.Poison: .       Res.Corr.  : .   (no helmet)
Res.Elec. : .       Clarity    : .   y - +0 cloak
Sust.Abil.: . .     Spirit.Shd : .   (no gloves)
Res.Mut.  : .       Stasis     : .   (no boots)
Res.Rott. : .       Flight     : .   (no amulet)
Saprovore : . . .                    (no ring)
                                     (no ring)

@: mighty, berserking, quite poisoned, slowed, not resistant to hostile
enchantments, extremely unstealthy
A: nightstalker 1, Dex -2
a: no special abilities


You were on level 4 of the Dungeon.
You were not hungry.

You visited 1 branch of the dungeon, and saw 4 of its levels.

You collected 152 gold pieces.

Inventory:

Hand weapons
 l - a +0,+0 falchion (weapon)
 v - a +2 elven blowgun
Missiles
 s - 3 poisoned darts (quivered)
Armour
 t - a +1 dwarven ring mail (worn)
 y - a +0 cloak (worn)
Magical devices
 b - a wand of flame (10)
 c - a wand of enslavement (14)
 d - a wand of random effects (13)
Comestibles
 f - 3 bread rations
 j - a choko
Scrolls
 a - a scroll of curse weapon {unknown}
 e - a scroll of fog {unknown}
 h - a scroll of recharging
 k - 4 scrolls of remove curse
 m - a scroll of enchant weapon I {unknown}
 n - a scroll of teleportation {unknown}
 o - a scroll of enchant weapon II {unknown}
 q - a scroll of curse jewellery {unknown}
 u - a scroll of enchant armour {unknown}
 A - a scroll of identify {unknown}


   Skills:
 * Level 1.1 Fighting
   Level 0.8 Short Blades
 * Level 0.3 Long Blades
 * Level 1.5 Armour
 * Level 2.5 Dodging
 * Level 1.1 Stealth
 * Level 3.6 Evocations


You had 2 spell levels left.
You didn't know any spells.

Dungeon Overview and Level Annotations

Branches:
Dungeon (4/27)
 Temple: D:4-7

Altars:


Innate Abilities, Weirdness & Mutations

You are slightly more attuned to the shadows.
You are clumsy. (Dex -2)


Message History

You feel stupid.
You feel clever.
You feel clumsy.
It was a potion of mutation.
* * * LOW HITPOINT WARNING * * *
You feel sick.
You feel a little better.
Drink which item? (? for menu, Esc to quit)
That liquid tasted very nasty...
You are more poisoned.
It was a potion of poison.
* * * LOW HITPOINT WARNING * * *
You feel sick.
Drink which item? (? for menu, Esc to quit)
You feel yourself slow down.
It was a potion of slowing.
* * * LOW HITPOINT WARNING * * *
You feel very sick.
You feel a little better.
Drink which item? (? for menu, Esc to quit)
A red film seems to cover your vision as you go berserk!
You feel yourself moving faster!
You feel mighty!
It was a potion of berserk rage.
You die...

#.### .....
...##### #
#........
#.##........
#............
.#####.@.......
.......).......
<......(.......
.##....%.......
#....(.......
#.##..?.........
#....<..!.......
####...........
#...........


There were no monsters in sight!

Vanquished Creatures
  An adder (D:4)
  2 giant geckos
  3 orcs (D:3)
  2 giant cockroaches
  9 hobgoblins
  6 kobolds
  A quokka (D:3)
  2 ball pythons
  3 giant newts
  5 goblins
  3 jackals (D:3)
  7 rats
44 creatures vanquished.

Vanquished Creatures (collateral kills)
  A goblin (D:1)
1 creature vanquished.

Grand Total: 45 creatures vanquished

Notes
Turn   | Place    | Note
--------------------------------------------------------------
     0 | D:1      | Chiseanne, the Demonspawn Artificer, began the quest for the Orb.
     0 | D:1      | Reached XP level 1. HP: 16/16 MP: 1/1
   835 | D:1      | Gained mutation: You are slightly more attuned to the shadows. [demonic ancestry]
   835 | D:1      | Reached XP level 2. HP: 9/22 MP: 3/3
  2069 | D:2      | Reached skill level 1 in Armour
  2516 | D:3      | Reached XP level 3. HP: 25/27 MP: 4/4
  2947 | D:3      | Reached skill level 1 in Stealth
  3052 | D:4      | Gained mutation: You are dopey. (Int -2) [potion of mutation]
  3052 | D:4      | Lost mutation: You are dopey. (Int -2) [potion of mutation]
  3052 | D:4      | Gained mutation: You are clumsy. (Dex -2) [potion of mutation]
  3054 | D:4      | HP: 1/27 [poison (a potion of poison)]
  3055 | D:4      | Succumbed to poison (a potion of poison)

Action                   || total
-------------------------++-------
Melee: Mace              ||    49
       Short sword       ||    69
       Falchion          ||    42
Evoke: Wand              ||     8
  Use: Scroll            ||     4
       Potion            ||     6
 Stab: Sleeping          ||     5
